 Dungeon Crawl Stone Soup version 0.29-a0-878-g7b45a56547 (console) character file.

Game seed: 10602928612422900983

275759 om the Executioner (level 19, -4/253 HPs)
             Began as a Minotaur Berserker on July 19, 2022.
             Was the Champion of Trog.
             Slain by a quicksilver ooze (13 damage)
             ... created by the Royal Jelly
             ... on level 5 of the Pits of Slime.
             The game lasted 01:42:16 (47037 turns).

om the Executioner (Minotaur Berserker)            Turns: 47037, Time: 01:42:17

Health: -4/253     AC: 21    Str: 33    XL:     19   Next: 56%
Magic:  0/18       EV:  2    Int:  1    God:    Trog [******]
Gold:   2410       SH:  0    Dex:  6    Spells: 18/18 levels left

rFire   + . .      SeeInvis .   b - +9 executioner's axe (vorpal)
rCold   + . .      Faith    .   (shield currently unavailable)
rNeg    . . .      Spirit   .   (body armour currently unavailable)
rPois   +          Reflect  .   (helmet currently unavailable)
rElec   +          Harm     .   (cloak currently unavailable)
rCorr   .          Rampage  .   (gloves currently unavailable)
Will    ++...      Rage     3%  (boots currently unavailable)
Stlth   +......... NoTele   +   Z - amulet "Jayjukk" {Acrobat -Cast rElec rF+ rC+}
HPRegen 0.52/turn  NoCast   +   x - ring of willpower
MPRegen 0.16/turn               o - +4 ring of evasion

@: tree-form, engulfed, corroded, studying 2 skills
A: stationary, stasis, torment immunity, boosted hp, (horns 2), (retaliatory
headbutt), berserk 1, clumsy 2, dopey 1, strong 1, wild magic 1, inability to
drink while threatened 1, (sturdy frame 2)
}: 2/15 runes: barnacled, gossamer
a: Renounce Religion, Berserk, Trog's Hand, Brothers in Arms


You were on level 5 of the Pits of Slime.
You worshipped Trog.
Trog was exalted by your worship.
You were a tree.
You visited 6 branches of the dungeon, and saw 35 of its levels.
You also visited: Sewer, Bailey and Ice Cave.

You collected 2554 gold pieces.
You spent 144 gold pieces at shops.

Inventory:

Hand Weapons
 a - the +5 broad axe of Parts Unknown {flame, rElec rPois Will+}
   (You acquired it on level 9 of the Dungeon)

   It burns those it strikes, dealing additional fire damage.
   Big, fiery blades are also staple armaments of hydra-hunters.
   rElec:     It insulates you from electricity.
   rPois:     It protects you from poison.
   Will:      It increases your willpower.
 b - a +9 vorpal executioner's axe (weapon)
Missiles
 w - 4 boomerangs (quivered)
 S - a throwing net
Armour
 f - a +2 hat of see invisible (melded)
 k - the +15 Maxwell's patent armour (melded) {-Cast -Tele rElec Will+ rCorr}
   (You acquired it on level 13 of the Dungeon)

   rElec:     It insulates you from electricity.
   -Cast:     It prevents spellcasting.
   -Tele:     It prevents most forms of teleportation.
   rCorr:     It protects you from acid and corrosion.
   Will:      It increases your willpower.
 r - a +2 pair of boots (melded)
 B - the +2 cloak of the Aged Thickets {Int+3}
   (You found it on level 3 of the Lair of Beasts)

   Int:       It affects your intelligence (+3).
 K - the +3 pair of gauntlets of War (melded) {Slay+5}
   (You acquired it on level 1 of the Spider Nest)

   Slay:      It affects your accuracy & damage with ranged weapons and melee
   (+5).
 L - a +4 plate armour of fire resistance
 Y - a +2 cloak of cold resistance (melded)
Jewellery
 o - a +4 ring of evasion (right branch)
 t - a ring of protection from cold
 x - a ring of willpower (left branch)
 A - an amulet of reflection
 C - a ring of flight
 E - a ring of protection from cold
 R - a +4 ring of evasion
 X - an amulet of regeneration
 Z - the amulet "Jayjukk" (around neck) {Acrobat -Cast rElec rF+ rC+}
   (You acquired it on level 1 of the Spider Nest)

   [amulet of the acrobat]

   It increases your evasion while moving and waiting.
   rF:        It protects you from fire.
   rC:        It protects you from cold.
   rElec:     It insulates you from electricity.
   -Cast:     It prevents spellcasting.
Wands
 j - a wand of flame (90)
 v - a wand of paralysis (24)
 y - a wand of digging (11)
 I - a wand of mindburst (1)
 N - a wand of polymorph (12)
 P - a wand of quicksilver (21)
 Q - a wand of iceblast (8)
Scrolls
 d - 2 scrolls of brand weapon
 e - 14 scrolls of teleportation
 h - 6 scrolls of immolation
 i - 6 scrolls of enchant armour
 p - 4 scrolls of magic mapping
 q - 8 scrolls of poison
 u - 3 scrolls of fear
 O - 5 scrolls of fog
 T - a scroll of silence
 U - 4 scrolls of blinking
 V - a scroll of acquirement
Potions
 c - a potion of haste
 g - 23 potions of curing
 l - 6 potions of magic
 m - 4 potions of berserk rage
 n - 7 potions of might
 s - 7 potions of heal wounds
 z - 11 potions of ambrosia
 D - 2 potions of cancellation
 G - a potion of lignification
 H - 6 potions of flight
 W - 4 potions of resistance
Miscellaneous
 F - a lightning rod (4/4)
 M - a tin of tremorstones (2/2)


   Skills:
 + Level 14.8 Fighting
 - Level 24.0 Axes
 * Level 11.9 Throwing
 * Level 23.3 Armour
 + Level 15.8 Dodging
 * Level 9.8 Evocations


You had 18 spell levels left.
You didn't know any spells.
Your spell library was empty.

Dungeon Overview and Level Annotations

Branches:
Dungeon (15/15)            Temple (0/1) D:7            Lair (5/5) D:11
 Shoals (4/4) Lair:2       Spider (4/4) Lair:3        Slime (5/5) Lair:5
    Orc (2/2) D:9             Elf (0/3) Orc:2        Vaults (0/5) D:13
 Depths (0/4) D:15          Sewer (visited)          Bailey (visited)
  IceCv (visited)

Altars:
Ashenzari
Dithmenos
Gozag
Hepliaklqana
Nemelex Xobeh
Okawaru
Ru
Sif Muna
Uskayaw
Vehumet
Wu Jian
Jiyva
Lugonu

Shops:
D:6 [   D:7 =   D:8 (   D:13 [   Orc:1 *   Orc:2 =(**

Portals:
Pandemonium: Orc:2
Trove: D:10 (give +4 fire dragon scales)

Annotations:
D:9 2 transporters


Innate Abilities, Weirdness & Mutations

You are a tree.
Your roots penetrate the ground, keeping you stationary.
You cannot be teleported.
You are immune to unholy pain and torment.
Your maximum health is greatly increased.
Your equipment is partially melded.
((You have a pair of horns on your head.))
((You reflexively headbutt those who attack you in melee.))
You sometimes lose your temper in combat.
You are very clumsy. (Dex -4)
You are dopey. (Int -2)
Your muscles are strong. (Str +4, Int/Dex -1)
Your spells are a little harder to cast, but a little more powerful.
You occasionally lose the ability to drink potions when taking damage.
((Your movements are less encumbered by armour. (ER -4)))


Message History

The quicksilver ooze completely misses you.
The quicksilver ooze hits you.
You feel your power leaking away.
The azure jelly hits you but does no damage. x2
The azure jelly hits you.
The azure jelly hits you but does no damage.
The quicksilver ooze hits you!
* * * LOW HITPOINT WARNING * * *
The quicksilver ooze hits you but does no damage.
You feel much better. The quicksilver ooze hits you.
The quicksilver ooze hits you but does no damage.
The quicksilver ooze hits you. The quicksilver ooze barely misses you.
The quicksilver ooze hits you.
The quicksilver ooze hits you but does no damage.
The azure jelly hits you but does no damage.
The azure jelly hits you. The azure jelly freezes you! You resist.
The azure jelly hits you but does no damage. x2
The quicksilver ooze hits you.
The quicksilver ooze hits you but does no damage.
Your troll goes berserk!
The quicksilver ooze barely misses you.
The quicksilver ooze hits you but does no damage.
The azure jelly hits you.
* * * LOW HITPOINT WARNING * * *
The azure jelly freezes you! You resist.
* * * LOW HITPOINT WARNING * * *
The azure jelly hits you.
* * * LOW HITPOINT WARNING * * *
The azure jelly freezes you! You resist.
* * * LOW HITPOINT WARNING * * *
The azure jelly hits you but does no damage. x2
The quicksilver ooze hits you!
* * * LOW HITPOINT WARNING * * *
The quicksilver ooze hits you but does no damage.
The acid blob hits you!!
* * * LOW HITPOINT WARNING * * *
You are splashed with acid!
* * * LOW HITPOINT WARNING * * *
The quicksilver ooze hits you!
You die...

,,,,,,,,,................,,,,,,,,
,,,,,,,,,................,,,,,,,,
,,,,,,,,,................,,,,,,,,
,,,,,,,,,........^.......,,,,,,,,
,,,,,,,,,................,,,,,,,,
,,,,,,,,,....####...#....,,,,,,,,
,,,,,,,,,..##**##T####...,,,,,,,,
,,,,,,,,,.#**,*#JJ#*,*#.,,,,,,,,,
,,,,,,,,,,**,,,#♣##,,,**,,,,,,,,,
,,,,,,,,***,,,*#JJ#*,,,***,,,,,,,
,,,,,,,***,,,,,JJJJJ,,,,**,,,,,,,
,,,,,,,,**,,,,.GGJJ.)),,**,,,,,,,
,,,,,,,****,,.)....).$}#***,,,,,,
,,,,,,,,****..........##***,,,,,,
,,,,,,,,,,*............#,,,,,,,,,
,,,,,,,**,..............,**^,,,,,
,,,,,,,,********,,*********,,,,,,


You could see 3 acid blobs, 2 azure jellies, a great orb of eyes, a shining eye,
6 quicksilver oozes and a friendly troll (summoned, berserk).

Vanquished Creatures
  the Royal Jelly (Slime:5)
  Bai Suzhen (Spider:4)
  Arachne (Spider:3)
  Jorgrun (Shoals:1)
  10 acid blobs
  A kraken (Shoals:4)
  The ghost of Miytot the Warrior, an adept MiGl of Gozag (Orc:1)
  Frances (Shoals:1)
  Gastronok (Lair:2)
  Polyphemus (Shoals:2)
  Donald (Spider:1)
  5 azure jellies
  Roxanne (D:15)
  Ilsuiw (Shoals:2)
  3 rockslimes
  2 frost giants (IceCv)
  4 emperor scorpions
  4 ghost moths
  Louise (Spider:4)
  4 quicksilver oozes
  3 broodmothers
  A spark wasp (Spider:2)
  4 entropy weavers
  A white draconian (IceCv)
  Snorg (Lair:3)
  An ettin (shapeshifter) (D:15)
  4 merfolk javelineers
  4 merfolk impalers
  2 spectral krakens (Shoals:2)
  Josephine (Orc:1)
  6 hydras
  Fannar (Lair:2)
  2 ice dragons (IceCv)
  2 ghost crabs (Shoals:2)
  9 boulder beetles
  3 ironbound frosthearts (IceCv)
  An ogre mage (Orc:2)
  A jorogumo (Spider:1)
  7 catoblepae
  4 merfolk avatars
  10 two-headed ogres
  Erica (Orc:1)
  The ghost of tabacat the Thaumaturge, a journeyman DrCj of Vehumet (D:11)
  5 centaur warriors
  6 merfolk aquamancers
  2 satyrs (Shoals:4)
  14 death yaks
  5 radroaches
  2 alligator snapping turtles (Shoals:4)
  3 tengu warriors
  5 orc high priests
  Amaemon (D:8)
  9 sea snakes
  A sixfirhy (Orc:2)
  5 steelbarb worms
  7 pharaoh ants
  9 orb spiders
  3 sun moths
  Pikel (D:6)
  The ghost of pigah the Zephyrmancer, a novice OpAE of Gozag (D:7)
  A lindwurm (Lair:5)
  An orange crystal statue (IceCv)
  4 orc knights (Orc:2)
  A necromancer (D:13)
  11 harpies
  3 deep elf pyromancers
  23 wolf spiders
  2 shining eyes
  25 ugly things
  A salamander (D:15)
  8 orc sorcerers (Orc:2)
  24 manticores
  A spectral alligator snapping turtle (Shoals:2)
  7 fauns (Shoals:4)
  4 moths of wrath
  An ice statue (Spider:4)
  30 elephants
  2 cyclopes
  6 merfolk sirens
  3 eyes of devastation
  5 black mambas
  An orange demon (D:8)
  5 torpor snails
  8 water nymphs
  14 cane toads
  23 rime drakes
  6 komodo dragons
  12 demonic crawlers
  3 efreet
  4 kobold demonologists
  A spectral sea snake (Shoals:2)
  An ice devil (Orc:2)
  Psyche (D:8)
  2 hellwings (Orc:2)
  A troll (shapeshifter) (D:15)
  6 trolls
  15 polar bears
  A spectral water nymph (Shoals:2)
  5 meliai
  A queen bee (D:11)
  18 merfolk
  38 tarantellas
  3 wind drakes
  A spectral manticore (Shoals:2)
  3 hornets
  81 slime creatures
  17 blink frogs
  Grinder (D:5)
  Sigmund (D:2)
  5 snapping turtles
  20 culicivoras
  A vampire (D:13)
  3 shadows
  37 jumping spiders
  A centaur simulacrum (D:14)
  A ynoxinul (Orc:2)
  6 wraiths
  A wyvern (Lair:2)
  2 steam dragons (D:9)
  6 water elementals
  A human (shapeshifter) (D:15)
  5 basilisks
  51 yaks
  47 redbacks
  8 golden eyes
  2 vampire mosquitoes (D:15)
  8 wargs
  Edmund (D:6)
  17 water moccasins
  Duvessa (D:5)
  2 acid dragons (D:11)
  An ice beast (D:8)
  35 orc warriors
  4 sky beasts
  5 black bears
  13 ogres
  15 centaurs
  A lemure (D:6)
  3 phantoms
  26 kobold brigands
  2 necrophages
  12 bullfrogs
  2 scorpions
  A gnoll sergeant (D:10)
  5 wights (D:8)
  Dowan (D:5)
  40 killer bees
  2 electric eels
  2 hounds
  29 orc priests
  A jelly (D:8)
  6 hell rats (Lair:3)
  An iguana (D:5)
  20 orc wizards
  Robin (D:3)
  4 gnolls (D:10)
  12 adders
  A river rat (Sewer)
  6 white imps
  6 worms
  6 dart slugs
  93 orcs
  9 ball pythons
  3 bats
  12 endoplasms
  A giant cockroach (D:4)
  20 goblins
  9 hobgoblins
  5 jackals
  20 kobolds
  4 quokkas
  7 rats
  3 tentacles (Shoals:2)
1305 creatures vanquished.

Vanquished Creatures (collateral kills)
  Rupert (D:12)
  An acid blob (Slime:2)
  The ghost of gobodom the Thaumaturge, a journeyman DsFE (D:11)
  3 shining eyes
  A slime creature (Slime:1)
  An orc priest (Orc:2)
8 creatures vanquished.

Vanquished Creatures (others)
  An ogre mage (D:15)
  A two-headed ogre (D:15)
  A sea snake (Shoals:4)
  A rime drake (IceCv)
  An ogre (D:15)
  A centaur (D:15)
  A scorpion (Spider:2)
  An orc wizard (Orc:1)
  23 fungi
  101 plants
  15 tentacles
  11 withered plants
158 creatures vanquished.

Grand Total: 1471 creatures vanquished

Notes
Turn   | Place    | Note
-------+----------+-------------------------------------------
     0 | D:1      | om the Minotaur Berserker began the quest for the Orb.
     0 | D:1      | Reached XP level 1. HP: 19/19 MP: 0/0
   178 | D:1      | Reached XP level 2. HP: 8/27 MP: 1/1
   402 | D:1      | Reached skill level 4 in Axes
   614 | D:1      | Found a faded altar of an unknown god.
  1285 | D:2      | Noticed Sigmund
  1315 | D:2      | You fall into a shaft and drop 1 floor!
  1373 | D:3      | Reached XP level 3. HP: 27/33 MP: 2/2
  1455 | D:2      | Killed Sigmund
  1456 | D:2      | Reached skill level 5 in Axes
  1456 | D:2      | Reached XP level 4. HP: 8/40 MP: 3/3
  1456 | D:2      | Reached XP level 5. HP: 10/46 MP: 4/4
  2506 | D:3      | Reached skill level 6 in Axes
  2808 | D:3      | Reached ** piety under Trog
  2809 | D:3      | Reached XP level 6. HP: 48/52 MP: 5/5
  3000 | D:3      | Noticed Robin
  3006 | D:3      | Killed Robin
  3463 | D:3      | Identified the +0 pair of gloves of Charity {Str+3 Int+2
                  | Dex-4}
  3746 | D:4      | Reached *** piety under Trog
  3747 | D:4      | Reached skill level 7 in Axes
  3747 | D:4      | Reached XP level 7. HP: 56/59 MP: 6/6
  3784 | D:4      | Reached skill level 5 in Armour
  4008 | D:4      | Found a sacrificial altar of Ru.
  4492 | D:5      | Entered Level 5 of the Dungeon
  4521 | D:5      | Noticed Grinder
  4698 | D:5      | Paralysed by Grinder for 3 turns
  4706 | D:5      | Killed Grinder
  4707 | D:5      | Reached skill level 8 in Axes
  4707 | D:5      | Reached skill level 5 in Dodging
  4948 | D:5      | Reached XP level 8. HP: 54/70 MP: 7/7
  5076 | D:5      | Reached skill level 9 in Axes
  5572 | D:5      | Noticed Dowan
  5573 | D:5      | Noticed Duvessa
  5580 | D:5      | Killed Duvessa
  5581 | D:5      | Reached skill level 10 in Axes
  5583 | D:5      | Killed Dowan
  5764 | D:6      | Noticed Pikel
  5782 | D:6      | Killed Pikel
  5783 | D:6      | Reached skill level 11 in Axes
  5805 | D:6      | Reached XP level 9. HP: 60/74 MP: 8/8
  6053 | D:6      | Found an opulent altar of Gozag.
  6070 | D:6      | Reached skill level 12 in Axes
  6380 | D:6      | Found Xuofythri's Armour Shop.
  6426 | D:6      | Noticed Edmund
  6443 | D:6      | Found a glowing drain.
  6452 | Sewer    | Entered a sewer
  6678 | Sewer    | Reached **** piety under Trog
  7236 | D:6      | Killed Edmund
  7237 | D:6      | Reached skill level 13 in Axes
  7944 | D:7      | Found a runed translucent gate.
  7945 | D:7      | Found a runed translucent gate.
  7945 | D:7      | Noticed pigah's ghost (novice OpAE)
  7946 | D:7      | Found a runed translucent gate.
  8124 | D:7      | Found Odos's Jewellery Shop.
  8179 | D:7      | Found a hide-covered altar of Uskayaw.
  8294 | D:7      | Found a staircase to the Ecumenical Temple.
  8595 | D:8      | Noticed Amaemon
  8608 | D:8      | Noticed an orange demon
  8619 | D:8      | Killed Amaemon
  8620 | D:8      | Reached skill level 14 in Axes
  8620 | D:8      | Reached XP level 10. HP: 79/83 MP: 9/9
  8626 | D:8      | Killed an orange demon
  8778 | D:8      | Reached skill level 1 in Evocations
  9061 | D:8      | Noticed Psyche
  9067 | D:8      | Killed Psyche
  9166 | D:8      | Found Puth's Weapon Boutique.
  9613 | D:8      | Found a shimmering blue altar of Sif Muna.
  9937 | D:9      | Identified 2 scrolls of acquirement
  9939 | D:9      | Acquired a +0 crystal plate armour
  9941 | D:9      | Acquired the +5 broad axe of Parts Unknown {flame, rElec
                  | rPois Will+}
  9970 | D:9      | Found a corrupted altar of Lugonu.
  9971 | D:9      | Noticed a purple ugly thing
 10135 | D:9      | Found a broken altar of Ashenzari.
 10163 | D:9      | Noticed a white ugly thing
 10164 | D:9      | Found a transporter.
 10164 | D:9      | Found a transporter.
 10638 | D:9      | Found a staircase to the Orcish Mines.
 10653 | D:9      | Noticed a sun demon
 10887 | D:10     | Entered Level 10 of the Dungeon
 10904 | D:10     | Found an ornate altar of the Wu Jian Council.
 10924 | D:10     | Found a flagged portal.
 10945 | Bailey   | Entered a bailey
 11077 | Bailey   | Identified the +8 scimitar "Doexak" {vorpal, Will+}
 11094 | Bailey   | Reached XP level 11. HP: 94/94 MP: 10/10
 11101 | Bailey   | Found a burning altar of Makhleb.
 11258 | D:10     | Noticed a two-headed ogre
 11266 | D:10     | Killed a two-headed ogre
 11293 | D:10     | Found a hazy altar of Hepliaklqana.
 11330 | D:10     | Identified the +9 dagger "Vuwum" {vorpal, MP+9 Str-3 Int+10
                  | Stlth+}
 11481 | D:10     | Found a sparkling altar of Nemelex Xobeh.
 11481 | D:10     | Found an iron altar of Okawaru.
 11683 | D:10     | Found a shadowy altar of Dithmenos.
 12035 | D:10     | Found a radiant altar of Vehumet.
 12068 | D:10     | Found a portal to a secret trove of treasure.
 12452 | D:11     | Reached skill level 10 in Armour
 12540 | D:11     | Reached skill level 15 in Axes
 12552 | D:11     | Reached ***** piety under Trog
 12733 | D:11     | Found a runed translucent gate.
 12734 | D:11     | Found a runed translucent gate.
 12740 | D:11     | Found a runed translucent gate.
 12741 | D:11     | Noticed tabacat's ghost (journeyman DrCj)
 12741 | D:11     | Noticed gobodom's ghost (journeyman DsFE)
 12803 | D:11     | Found a staircase to the Lair.
 13308 | D:7      | Killed pigah's ghost
 13452 | D:11     | Killed tabacat's ghost
 13455 | D:11     | Killed gobodom's ghost
 13630 | D:12     | Noticed Rupert
 13637 | D:12     | Paralysed by Rupert for 2 turns
 13638 | D:12     | Killed Rupert
 13639 | D:12     | Reached skill level 10 in Fighting
 13639 | D:12     | Reached XP level 12. HP: 106/106 MP: 11/11
 13894 | D:12     | Noticed a boulder beetle
 13912 | D:12     | Killed a boulder beetle
 14274 | Orc:1    | Entered Level 1 of the Orcish Mines
 14277 | Orc:1    | Noticed an orc high priest
 14292 | Orc:1    | Killed an orc high priest
 14354 | Orc:1    | Found Foekaohi's General Store.
 14502 | Orc:1    | Reached skill level 16 in Axes
 14542 | Orc:1    | Found a runed translucent gate.
 14543 | Orc:1    | Found a runed translucent gate.
 14544 | Orc:1    | Found a runed translucent gate.
 14545 | Orc:1    | Noticed Miytot's ghost (adept MiGl)
 14570 | Orc:1    | Noticed Erica
 14578 | Orc:1    | Killed Erica
 15003 | Orc:1    | Killed Miytot's ghost
 15152 | Orc:2    | Entered Level 2 of the Orcish Mines
 15821 | Orc:2    | Noticed a two-headed ogre
 15822 | Orc:2    | Noticed a two-headed ogre
 15829 | Orc:2    | Noticed a two-headed ogre
 15830 | Orc:2    | Killed a two-headed ogre
 15831 | Orc:2    | Reached skill level 15 in Armour
 15832 | Orc:2    | Killed a two-headed ogre
 15834 | Orc:2    | Noticed an ogre mage
 15839 | Orc:2    | Killed a two-headed ogre
 15842 | Orc:2    | Noticed a two-headed ogre
 15869 | Orc:2    | Killed a two-headed ogre
 15876 | Orc:2    | Killed an ogre mage
 15877 | Orc:2    | Reached skill level 17 in Axes
 16080 | Orc:2    | Found a staircase to the Elven Halls.
 16206 | Orc:2    | Found Teerr's General Store.
 16210 | Orc:2    | Found Fobepyal's General Store.
 16252 | Orc:2    | Reached XP level 13. HP: 113/113 MP: 12/12
 17104 | Orc:2    | Bought a scroll of identify for 32 gold pieces
 17107 | Orc:2    | Bought a potion of heal wounds for 70 gold pieces
 17107 | Orc:2    | Bought a potion of curing for 42 gold pieces
 17329 | Orc:2    | Received a gift from Trog
 17408 | Orc:2    | Paralysed by an orc sorcerer for 2 turns
 17416 | Orc:2    | Paralysed by an orc sorcerer for 2 turns
 17565 | Orc:2    | Found Kouts's Jewellery Shoppe.
 17565 | Orc:2    | Found Yhozyn Xoug's Antique Weapon Emporium.
 17566 | Orc:2    | Found a one-way gate leading to the halls of Pandemonium.
 17720 | Orc:1    | Noticed Josephine
 17728 | Orc:1    | Killed Josephine
 18030 | Lair:1   | Entered Level 1 of the Lair of Beasts
 18067 | Lair:1   | Reached skill level 18 in Axes
 19216 | Lair:2   | Reached skill level 19 in Axes
 19274 | Lair:2   | Found a staircase to the Shoals.
 19296 | Lair:2   | Noticed Fannar
 19312 | Lair:2   | Killed Fannar
 19313 | Lair:2   | Reached XP level 14. HP: 113/121 MP: 13/13
 19354 | Lair:2   | Noticed Gastronok
 19374 | Lair:2   | Killed Gastronok
 19897 | Lair:2   | Reached ****** piety under Trog
 20266 | Lair:3   | Reached skill level 20 in Axes
 20545 | Lair:3   | Received a gift from Trog
 20925 | Lair:3   | Found a hole to the Spider Nest.
 21155 | Lair:3   | Identified the +2 cloak of the Aged Thickets {Int+3}
 21344 | Lair:4   | Noticed Snorg
 21361 | Lair:3   | Killed Snorg
 21587 | Lair:4   | Reached skill level 21 in Axes
 22377 | Lair:4   | Reached skill level 22 in Axes
 22936 | Lair:5   | Entered Level 5 of the Lair of Beasts
 23339 | Lair:5   | Found a viscous altar of Jiyva.
 23341 | Lair:5   | Found a staircase to the Slime Pits.
 23433 | Lair:5   | Reached XP level 15. HP: 116/126 MP: 14/14
 23498 | Lair:5   | Received a gift from Trog
 24077 | Lair:5   | Reached skill level 5 in Evocations
 24723 | D:13     | Found Wown's Antique Armour Boutique.
 25366 | D:13     | Found a gate to the Vaults.
 26403 | D:14     | Reached skill level 10 in Dodging
 26757 | D:14     | Received a gift from Trog
 27563 | D:15     | Entered Level 15 of the Dungeon
 27929 | D:15     | Noticed Roxanne
 28255 | D:15     | Reached XP level 16. HP: 112/134 MP: 15/15
 28537 | D:15     | Found a staircase to the Depths.
 28875 | D:15     | Killed Roxanne
 29072 | Spider:1 | Entered Level 1 of the Spider Nest
 29935 | Spider:1 | Noticed Donald
 29953 | Spider:1 | Killed Donald
 30705 | Spider:1 | Received a gift from Trog
 30773 | Spider:2 | Reached skill level 23 in Axes
 32891 | Spider:1 | Acquired the +15 Maxwell's patent armour {-Cast -Tele rElec
                  | Will+ rCorr}
 32891 | Spider:1 | Found the +15 Maxwell's patent armour {-Cast -Tele rElec
                  | Will+ rCorr}
 32898 | Spider:1 | Acquired the +3 pair of gauntlets of War {Slay+5}
 32898 | Spider:1 | Found the +3 pair of gauntlets of War {Slay+5}
 32914 | Spider:1 | Acquired the amulet "Jayjukk" {Acrobat -Cast rElec rF+ rC+}
 34089 | Shoals:1 | Entered Level 1 of the Shoals
 34609 | Shoals:1 | Noticed Frances
 34624 | Shoals:1 | Killed Frances
 34781 | Shoals:1 | Noticed Jorgrun
 34796 | Shoals:1 | Killed Jorgrun
 34909 | Shoals:2 | Reached XP level 17. HP: 119/146 MP: 16/16
 35070 | Shoals:2 | Noticed Ilsuiw
 35135 | Shoals:2 | Killed Ilsuiw
 35706 | Shoals:2 | Received a gift from Trog
 35812 | Shoals:2 | Noticed Polyphemus
 35857 | Shoals:2 | Killed Polyphemus
 36854 | Shoals:3 | Acquired a manual of Throwing
 36910 | Shoals:3 | Reached skill level 1 in Throwing
 37383 | Shoals:4 | Entered Level 4 of the Shoals
 37928 | Shoals:4 | Found a runed translucent door.
 38216 | Shoals:4 | Received a gift from Trog
 38537 | Shoals:4 | Noticed a kraken
 38561 | Shoals:4 | Reached skill level 15 in Dodging
 38796 | Shoals:4 | Reached skill level 5 in Throwing
 38962 | Shoals:4 | Killed a kraken
 39138 | Shoals:4 | Got a barnacled rune of Zot
 39246 | Shoals:4 | Identified the +6 spear "Doac" {drain, rF++ rC- Str+2
                  | Int-3}
 40477 | Spider:2 | Reached skill level 24 in Axes
 40477 | Spider:2 | Reached XP level 18. HP: 110/157 MP: 1/17
 40647 | Spider:2 | Paralysed by a hornet for 3 turns
 41106 | Spider:3 | Received a gift from Trog
 41569 | Spider:3 | Noticed Arachne
 41575 | Spider:3 | Killed Arachne
 41606 | Spider:3 | Identified the +6 flail of Bohuinn {pain, rElec}
 41945 | Spider:4 | Entered Level 4 of the Spider Nest
 41950 | Spider:4 | Noticed Louise
 41967 | Spider:4 | Killed Louise
 42004 | Spider:4 | Noticed Bai Suzhen
 42027 | Spider:4 | Killed Bai Suzhen
 42057 | Spider:4 | Found a frozen archway.
 42069 | IceCv    | Entered an ice cave
 42710 | IceCv    | Received a gift from Trog
 44306 | Spider:4 | Got a gossamer rune of Zot
 44740 | Slime:1  | Entered Level 1 of the Pits of Slime
 44773 | Slime:1  | Received a gift from Trog
 44827 | Slime:1  | Reached XP level 19. HP: 168/168 MP: 18/18
 44840 | Slime:1  | Reached skill level 10 in Throwing
 45604 | Slime:3  | Gained mutation: You are dopey. (Int -2) [a shining eye]
 45609 | Slime:3  | Gained mutation: You occasionally lose the ability to read
                  | scrolls when taking damage. [a shining eye]
 45743 | Shoals:1 | Lost mutation: You are dopey. (Int -2) [potion of mutation]
 45743 | Shoals:1 | Lost mutation: You occasionally lose the ability to read
                  | scrolls when taking damage. [potion of mutation]
 45743 | Shoals:1 | Gained mutation: Your muscles are strong. (Str +4, Int/Dex
                  | -1) [potion of mutation]
 45743 | Shoals:1 | Gained mutation: Your movements are slightly less
                  | encumbered by armour. (ER -2) [potion of mutation]
 45743 | Shoals:1 | Gained mutation: Your spells are a little harder to cast,
                  | but a little more powerful. [potion of mutation]
 45743 | Shoals:1 | Gained mutation: Your movements are less encumbered by
                  | armour. (ER -4) [potion of mutation]
 46043 | Slime:4  | Gained mutation: You are clumsy. (Dex -2) [a shining eye]
 46045 | Slime:4  | Gained mutation: You occasionally lose the ability to drink
                  | potions when taking damage. [a shining eye]
 46206 | Slime:2  | Gained mutation: You are very clumsy. (Dex -4) [a shining
                  | eye]
 46207 | Slime:2  | Gained mutation: You sometimes lose your temper in combat.
                  | [a shining eye]
 46808 | Slime:4  | Gained mutation: You are dopey. (Int -2) [a shining eye]
 46860 | Slime:5  | Entered Level 5 of the Pits of Slime
 46868 | Slime:5  | Received a gift from Trog
 47014 | Slime:5  | Noticed the Royal Jelly
 47015 | Slime:5  | Found a viscous altar of Jiyva.
 47031 | Slime:5  | Killed the Royal Jelly
 47037 | Slime:5  | HP: 9/253 [acid (7)]
 47037 | Slime:5  | Slain by a quicksilver ooze

Illustrated notes

Levels and vault maps discovered:
D:1:      lemuel_arrival_rhombus, layout_basic,
          ebering_ecumenical_altar_abandoned, minmay_tromino_v4_c
D:2:      layout_basic, uniq_sigmund
D:3:      layout_basic, minmay_starry_boxes, uniq_robin
D:4:      layout_loops_ring, nicolae_ru_sacrificial_ziggurat, serial_glass,
          glass_columns_b, glass_columns_b, feat_on_display, item_on_display_a,
          item_on_display_a
D:5:      layout_basic, serial_bayou_pond_d, minivault_27, uniq_duvessa,
          uniq_grinder
D:6:      layout_loops_corners, nicolae_overflow_hidden_temple,
          cheibrodos_sewer_entry_sluice, serial_shops, shop, minivault_5,
          minmay_manual_mail, uniq_edmund, uniq_pikel
D:7:      layout_cave_pools, kennysheep_mini, minmay_temple_entry_wispy,
          gammafunk_ghost_nasty_kobolds, serial_shops, nicolae_shop_trees
D:8:      layout_layer_cave, old_standard_altar, serial_shops,
          nicolae_shop_bloodbath_and_beyond, uniq_psyche, uniq_amaemon
D:9:      gammafunk_corrupted_shrine, layout_rooms, ashenzari_altar_1,
          serial_co_window_serial, co_window_of_opportunity_a,
          co_window_corner_a, co_window_of_opportunity_a, co_window_corner_a,
          co_window_paths_b, co_window_cross_4, co_window_broadway_a,
          co_window_corner_cb
D:10:     layout_irregular_city, nicolae_wu_jian_wuxing_cycle,
          lemuel_crystal_altar, nicolae_dithmenos_shadow_blocks,
          nicolae_overflow_crystal_walls, gammafunk_temple_overflow_pools,
          enter_trove_1, enter_bailey_3, corner_web_ring
D:11:     layout_roguey [special_room_bee], gammafunk_ghost_cemetery
D:12:     layout_basic, serial_corexii_hall, chequers_hall_statues_corner_a,
          corexii_hall_statues_x, uniq_rupert
D:13:     layout_basic, david_vaults_1, nicolae_take_the_stairs,
          statue_in_the_mist_lemuel, hellmonk_bongcloud_opening
D:14:     layout_stronghold, patterned_corridor
D:15:     hangedman_depths_entry_try_elsewhere_first, layout_basic,
          serial_bayou_ford_a, uniq_roxanne
Lair:1:   layout_cave_pods
Lair:2:   layout_roguey, shoals_dummy_entry, grunt_megastairs_1, uniq_gastronok,
          uniq_fannar
Lair:3:   layout_hall_layers, hellmonk_spider_entry_not_the_bees,
          grunt_megastairs_5
Lair:4:   layout_cellular_growth, chequers_serial_rivers_micro_b,
          beast_lair_carwin_6, serial_bayou_shore_a, lemuel_fruit_tree,
          grunt_megastairs_4, serial_bayou_shore_b, uniq_snorg
Lair:5:   evilmike_catoblepas_cave, layout_cave_pods, slime_entry_1,
          minivault_26
Shoals:1: layout_shoals, uniq_frances, uniq_jorgrun
Shoals:2: layout_shoals, nicolae_shoals_spectral_cove, uniq_ilsuiw,
          uniq_polyphemus
Shoals:3: layout_shoals, nicolae_splish_splash
Shoals:4: shoals_end_hangedman, layout_shoals, lightli_airlock
Spider:1: layout_cave_pods, uniq_donald
Spider:2: nicolae_spider_corner, drop_trap
Spider:3: layout_spider_delve, uniq_arachne
Spider:4: grunt_spider_rune_parallel, portal_ice_cave_entry_ice_statue_one,
          uniq_bai_suzhen, uniq_louise
Slime:1:  layout_caves
Slime:2:  layout_caves, nicolae_slime_ancient_tower_intersection
Slime:3:  layout_caves
Slime:4:  layout_caves
Slime:5
Orc:1:    layout_diamond_mine, gammafunk_ghost_split, basic_altar, serial_shops,
          nicolae_square_shop, nooodl_orcs_dogs, uniq_erica, uniq_josephine
Orc:2:    pf_orc_diabolical, layout_diamond_mine

Skill      XL: |  1  2  3  4  5  6  7  8  9 10 11 12 13 14 15 16 17 18 19 |
---------------+----------------------------------------------------------+-----
Axes           | 4 5 6 7 8 11 14 15 17 19 22 23 24 | 24.0
Fighting       | 4 6 8 10 11 13 14 | 14.8
Armour         | 4 5 7 8 12 15 18 19 20 21 22 23 | 23.3
Dodging        | 3 4 5 7 10 13 15 | 15.8
Evocations     | 4 6 7 8 9 |  9.8
Throwing       | 6 9 11 | 11.9

Action                   |  1- 3 |  4- 6 |  7- 9 | 10-12 | 13-15 | 16-18 | 19-21 || total
-------------------------+-------+-------+-------+-------+-------+-------+-------++-------
Melee: Hand axe          |    50 |   122 |   341 |     6 |       |       |       ||   519
       Headbutt          |    10 |    11 |    67 |    69 |   193 |   275 |    50 ||   675
       Punch             |       |     1 |     3 |     6 |     4 |     3 |       ||    17
       Broad axe         |       |       |       |   440 |   140 |   161 |       ||   741
       Demon whip        |       |       |       |    44 |       |       |       ||    44
       Executioner's axe |       |       |       |       |   754 |   899 |   182 ||  1835
Throw: Throwing net      |       |       |       |     1 |       |       |       ||     1
       Boomerang         |       |       |       |       |       |    56 |       ||    56
Invok: Berserk           |     1 |     1 |     9 |    10 |    11 |    12 |       ||    44
       Trog's Hand       |       |       |     1 |     2 |       |     1 |       ||     4
       Brothers in Arms  |       |       |       |     4 |       |       |     3 ||     7
Evoke: Wand              |       |     1 |       |       |    10 |    65 |       ||    76
       Tin of tremorston |       |       |       |     2 |       |     2 |       ||     4
       Lightning rod     |       |       |       |       |       |     4 |       ||     4
  Use: Scroll            |     1 |     5 |     3 |    13 |     9 |    17 |     1 ||    49
       Potion            |       |       |       |     5 |     1 |     3 |     4 ||    13
 Stab: Distracted        |       |       |       |     1 |       |       |       ||     1
       Petrified         |       |       |       |       |     7 |     3 |       ||    10
       Petrifying        |       |       |       |       |     1 |       |       ||     1
       Invisible         |       |       |       |       |       |     2 |       ||     2
       Paralysed         |       |       |       |       |       |     6 |       ||     6
Armor: Animal skin       |     2 |    18 |       |       |       |       |       ||    20
       Scale mail        |       |     8 |    61 |       |       |       |       ||    69
       Ring mail         |       |       |    12 |     9 |       |       |       ||    21
       Crystal plate arm |       |       |       |    40 |       |       |       ||    40
       Plate armour      |       |       |       |   152 |   483 |   709 |    97 ||  1441
       Skin              |       |       |       |       |     7 |       |    26 ||    33
Dodge: Dodged            |    31 |   107 |   177 |   260 |   503 |  1116 |   121 ||  2315
Block: Other             |       |       |       |    92 |   183 |    53 |       ||   328
       Reflection        |       |       |       |     5 |    12 |       |       ||    17

Table legend: (Time is in decaauts)
 A = Elapsed time spent in this place.
 B = Non-inter-level travel time spent in this place.
 C = Inter-level travel time spent in this place.
 D = Time resting spent in this place.
 E = Time spent auto-exploring this place.
 F = Levels seen in this place.
 G = Mean time per level.
                   A        B        C        D        E       F      G
               +--------+--------+--------+--------+--------+-----+--------+
         Total |  46984 |  43721 |   3263 |   9709 |  26366 |  38 | 1236.4 |
       Dungeon |  18067 |  16541 |   1526 |   1903 |  12143 |  15 | 1204.5 |
          Lair |   6934 |   6333 |    601 |    766 |   4467 |   5 | 1386.8 |
        Shoals |   5735 |   5538 |    197 |   1384 |   3160 |   4 | 1433.8 |
   Spider Nest |   8312 |   7763 |    549 |   3781 |   2694 |   4 | 2078.0 |
    Slime Pits |   1920 |   1769 |    151 |    553 |    815 |   5 |  384.0 |
  Orcish Mines |   3792 |   3555 |    237 |   1236 |   1576 |   2 | 1896.0 |
         Sewer |    864 |    864 |      0 |     47 |    601 |   1 |  864.0 |
        Bailey |    303 |    303 |      0 |     34 |    155 |   1 |  303.0 |
      Ice Cave |   1054 |   1054 |      0 |      2 |    753 |   1 | 1054.0 |
               +--------+--------+--------+--------+--------+-----+--------+

Top non-repeatable levels by time:
Spider:1: 5032 daAuts
   Orc:2: 2570 daAuts
Shoals:4: 2176 daAuts
    D:14: 1788 daAuts
  Lair:5: 1639 daAuts
     D:8: 1634 daAuts
  Lair:3: 1614 daAuts
Shoals:2: 1610 daAuts
  Lair:4: 1570 daAuts
Spider:4: 1546 daAuts
     D:1: 1383 daAuts
     D:6: 1335 daAuts
    D:15: 1330 daAuts
    D:11: 1293 daAuts
    D:10: 1268 daAuts
